 Dungeon Crawl Stone Soup version 0.30.1-9-gdf580d7c3d (webtiles) character file.

Game seed: 6068720857867228749

88 KittyFluff the Cudgeller (level 4, -6/29 HPs)
             Began as a Gargoyle Berserker on Oct 10, 2023.
             Was a Believer of Trog.
             Killed by divine providence
             ... invoked by an orc priest
              (14 damage)
             ... on level 3 of the Dungeon.
             The game lasted 00:09:45 (2671 turns).

KittyFluff the Cudgeller (Gargoyle Berserker)       Turns: 2671, Time: 00:09:46

Health: -6/29      AC:  9    Str: 23    XL:     4   Next: 53%
Magic:  4/4        EV: 11    Int:  7    God:    Trog [**....]
Gold:   91         SH:  0    Dex:  9    Spells: 3/3 levels left

rFire   . . .        a - +0 mace
rCold   . . .        (no shield)
rNeg    + . .        j - +0 leather armour
rPois   ∞            (no helmet)
rElec   +            u - +0 cloak
rCorr   .            (no gloves)
SInv    .            k - +0 pair of boots
Will    .....        (no amulet)
Stlth   +            (no ring)
HPRegen 0.24/turn    (no ring)
MPRegen 0.09/turn

%: no passive effects
@: no status effects
A: sickness immunity, AC +3, negative energy resistance 1, electricity
resistance, torment resistance 1, petrification resistance
a: Renounce Religion, Berserk, Trog's Hand


You were on level 3 of the Dungeon.
You worshipped Trog.
Trog was pleased with you.
You visited 1 branch of the dungeon, and saw 3 of its levels.

You collected 91 gold pieces.

Inventory:

Hand Weapons
 a - a +0 mace (weapon)
 w - a +0 sling
Missiles
 g - 4 poisoned darts (quivered)
Armour
 j - a +0 leather armour (worn)
 k - a +0 pair of boots (worn)
 u - a +0 cloak (worn)
Scrolls
 c - 3 scrolls of blinking {unknown}
 f - 2 scrolls of teleportation {unknown}
 h - 2 scrolls of poison {unknown}
 n - a scroll of fog {unknown}
 o - a scroll of vulnerability {unknown}
 p - 2 scrolls of identify {unknown}
 r - a scroll of noise {unknown}
 t - a scroll of amnesia {unknown}
Potions
 b - a potion of heal wounds {unknown}
 d - a potion of magic {unknown}
 e - 3 potions of curing {unknown}
 i - a potion of lignification {unknown}
 l - a potion of degeneration {unknown}
 m - a potion of brilliance {unknown}
 q - 3 potions of invisibility {unknown}
 s - a potion of might {unknown}
 v - a potion of mutation {unknown}


   Skills:
 + Level 3.6 Fighting
 * Level 3.8 Maces & Flails
 * Level 3.4 Armour
 + Level 2.1 Dodging


You had 3 spell levels left.
You didn't know any spells.
Your spell library was empty.

Dungeon Overview and Level Annotations

Branches:
Dungeon (3/15)

Altars:
Qazlal
Yredelemnul

Shops:
D:1 (   D:3 *


Innate Abilities, Weirdness & Mutations

You are immune to sickness and miasma.
Your stone body is resilient. (AC +3)
You are immune to poison.
You resist negative energy. (rN+)
You are resistant to electric shocks. (rElec)
You are resistant to unholy torment.
You are immune to petrification.


Message History

You thump the goblin!
You kill the goblin!
Trog accepts your kill.
Things that are here:
a +0 club; a +0 sling
Things that are here:
a +0 club; a +0 sling
w - a +0 sling
There is a stone staircase leading down here.
A rat comes into view.
The rat barely misses you.
You thump the rat!
You kill the rat!
Trog accepts your kill.
You see here a rat corpse.
An orc comes into view. It is wielding a +0 flail.
The orc shouts!
An orc priest comes into view. It is wielding a +0 hand axe.
The orc priest shouts!
You hear a shout!
An orc comes into view. It is wielding a +0 vampiric whip.
An orc priest comes into view. It is wielding a +0 falchion.
The orc priest looks satisfied for a moment.
The orc priest shouts!
The orc hits you with a +0 flail.
You closely miss the orc.
The orc priest invokes the aid of Beogh against you.
Beogh smites you!
Ouch! That really hurt!
* * * LOW HITPOINT WARNING * * *
The orc barely misses you.
You hit the orc.
The orc is almost dead.
The orc barely misses you.
The orc priest begins to cast a cantrip, but forgets the words!
You hit the orc.
You kill the orc!
Trog accepts your kill.
The orc priest invokes the aid of Beogh against you.
Beogh smites you!
You die...

#.##########
#..o.oo)@..#
#......###.#
#......##..#
........##..#
###.....##..#
#.....##..######
.......+.......>#
#......##..####.#
#..# #.#


You could see 2 orc priests and an orc.

Vanquished Creatures
  An adder (D:2)
  2 worms
  2 dart slugs (D:1)
  3 orcs (D:3)
  4 endoplasms
  2 giant cockroaches (D:1)
  5 goblins
  6 hobgoblins
  8 jackals
  8 kobolds
  A quokka (D:3)
  5 ball pythons
  7 bats
  4 frilled lizards
  5 rats
63 creatures vanquished.

Notes
Turn   | Place    | Note
-------+----------+-------------------------------------------
     0 | D:1      | KittyFluff the Gargoyle Berserker began the quest for the
                  | Orb.
     0 | D:1      | Reached XP level 1. HP: 14/14 MP: 1/1
    25 | D:1      | Found Wughung's Antique Weapon Shop.
   166 | D:1      | Reached XP level 2. HP: 19/19 MP: 2/2
   411 | D:1      | Reached XP level 3. HP: 16/23 MP: 3/3
   825 | D:1      | Reached ** piety under Trog
  1145 | D:2      | Found a stormy altar of Qazlal.
  1597 | D:2      | Reached XP level 4. HP: 20/28 MP: 4/4
  2233 | D:3      | Found a basalt altar of Yredelemnul.
  2372 | D:3      | Found Cuoxti Lecis's Assorted Antiques.
  2671 | D:3      | Killed from afar by an orc priest

Illustrated notes

Levels and vault maps discovered:
D:1:      wander_arrival_fairy_ring, layout_basic, serial_shops, shop,
          minmay_quantized
D:2:      layout_basic, basic_altar
D:3:      layout_basic, lemuel_coloured_pillars_altar, serial_shops, shop,
          kennysheep_generic_room_10

Skill      XL: |  1  2  3 |
---------------+----------+-----
Armour         | 3 |  3.4
Dodging        | 2 |  2.1
Fighting       | |  3.6
Maces & Flails | |  3.8

Action                     |  1- 3 |  4- 6 || total
---------------------------+-------+-------++-------
  Melee: Mace              |   140 |    69 ||   209
         Punch             |     1 |       ||     1
 Invoke: Berserk           |     1 |       ||     1
 Armour: Animal skin       |    44 |       ||    44
         Leather armour    |    26 |    53 ||    79
  Dodge: Dodged            |   102 |    51 ||   153
